 Dungeon Crawl Stone Soup version 0.27.1-34-g3ba077fa99 (webtiles) character file.

Game seed: 12410471275352449960

208157 4FPSwarrior the Covert (level 18, 0/103 (143) HPs)
             Began as a Vampire Ice Elementalist on Jan 16, 2022.
             Was an Elder of Dithmenos.
             Slain by an ironbound thunderhulk (5 damage)
             ... on level 2 of the Vaults on Jan 19, 2022.
             The game lasted 05:44:56 (63114 turns).

4FPSwarrior the Covert (Vampire Ice Elementalist)  Turns: 63114, Time: 05:44:57

HP:   0/103 (143)   AC: 20    Str: 13    XL:     18   Next: 12%
MP:   3/32          EV: 17    Int: 22    God:    Dithmenos [****..]
Gold: 528           SH: 12    Dex: 15    Spells: 7/37 levels left

rFire    . . .     SeeInvis +   K - +2 double sword (elec)
rCold    + . .     Faith    .   c - +1 buckler
rNeg     . . .     Spirit   .   S - +1 troll leather armour {Snorg}
rPois    .         Reflect  +   p - +0 helmet
rElec    +         Harm     .   s - +0 cloak
rCorr    .         Rampage  .   P - +0 pair of gloves
Will     +....                  (no boots)
Stlth    ++++++++..             J - amulet "Beluno" {Reflect Regen+ SH+5}
HPRegen  2.47/turn              f - +4 ring of protection
MPRegen  0.23/turn              R - ring of Jeddoyf {rElec rC+ Str+3 SInv}

@: ice-armoured, marked, freezing walls, healing quickly, wreathed by umbra,
very heavily drained
A: alive, fangs 3, see invisible, vampiric 2
}: 1/15 runes: decaying
a: Exsanguinate, Renounce Religion, Shadow Step


You were on level 2 of the Vaults.
You worshipped Dithmenos.
Dithmenos was greatly pleased with you.
You visited 9 branches of the dungeon, and saw 36 of its levels.
You also visited: Gauntlet and Ice Cave.

You collected 2941 gold pieces.
You spent 2413 gold pieces at shops.

Inventory:

Hand Weapons
 b - a +3 short sword of draining
 u - a +4 scimitar of flaming
 K - a +2 double sword of electrocution (weapon)
Armour
 a - the +3 kite shield "Ziakakaedu" {rF- Str+4 Stlth+}
   (You bought it in a shop on level 2 of the Snake Pit)

   Str:       It affects your strength (+4).
   rF:        It makes you vulnerable to fire.
   Stlth:     It makes you more stealthy.
 c - a +1 buckler (worn)
 j - a +0 kite shield
 p - a +0 helmet (worn)
 s - a +0 cloak (worn)
 B - a +2 pair of boots of flying
 H - a +3 plate armour of willpower
 P - a +0 pair of gloves (worn)
 S - a +1 troll leather armour (worn) {Snorg}
 T - +0 ice dragon scales
 U - +0 fire dragon scales
Jewellery
 f - a +4 ring of protection (left hand)
 E - the ring "Jonask" {rElec rC- Will+ Str+7 Dex+6}
   (You found it on level 10 of the Dungeon)

   [ring of dexterity]

   Str:       It affects your strength (+7).
   Dex:       It affects your dexterity (+6).
   rC:        It makes you vulnerable to cold.
   rElec:     It insulates you from electricity.
   Will:      It increases your willpower.
 J - the amulet "Beluno" (around neck) {Reflect Regen+ SH+5}
   (You acquired it on level 12 of the Dungeon)

   [amulet of reflection]

   It reflects blocked missile attacks.
   Regen:     It increases your rate of health regeneration.
   SH:        It affects your SH (+5).
 L - a ring of magical power
 R - the ring of Jeddoyf (right hand) {rElec rC+ Str+3 SInv}
   (You bought it in a shop on level 2 of the Orcish Mines)

   [ring of see invisible]

   Str:       It affects your strength (+3).
   rC:        It protects you from cold.
   rElec:     It insulates you from electricity.
   SInv:      It lets you see invisible.
Wands
 d - a wand of iceblast (16)
 k - a wand of acid (2)
 v - a wand of flame (138)
 C - a wand of charming (7)
 I - a wand of digging (7)
 M - a wand of paralysis (2)
Scrolls
 e - 7 scrolls of amnesia
 g - 14 scrolls of identify
 i - 4 scrolls of enchant weapon
 l - a scroll of magic mapping
 o - 7 scrolls of enchant armour
 q - 2 scrolls of immolation
 r - 4 scrolls of vulnerability
 t - 2 scrolls of fog
 w - a scroll of brand weapon
 x - a scroll of silence
Potions
 h - 2 potions of ambrosia
 m - 15 potions of curing
 n - 3 potions of magic
 z - 7 potions of haste
 A - 12 potions of lignification
 D - 5 potions of resistance
 G - 5 potions of brilliance
 O - 3 potions of mutation
 V - 2 potions of cancellation


   Skills:
 * Level 13.2 Fighting
 * Level 11.0 Long Blades
 - Level 3.0 Armour
 + Level 10.5 Dodging
 + Level 14.6 Stealth
 + Level 8.2 Shields
 - Level 10.0 Spellcasting
 - Level 5.0 Conjurations
 + Level 9.7 Hexes
 + Level 11.7 Necromancy
 - Level 3.0 Translocations
 - Level 12.6 Ice Magic
 - Level 9.0 Invocations


You had 7 spell levels left.
You knew the following spells:

 Your Spells              Type           Power      Damage    Failure   Level
a - Confusing Touch       Hex            52%        N/A       1%          3
b - Ozocubu's Armour      Ice            61%        N/A       1%          3
c - Frozen Ramparts       Ice            100%       1d12      1%          3
d - Vampiric Draining     Necr           29%        2d10      1%          3
e - Excruciating Wounds   Necr           29%        N/A       1%          5
f - Portal Projectile     Hex/Tloc       78%        N/A       1%          3
g - Blink                 Tloc           N/A        N/A       3%          2
h - Hailstorm             Conj/Ice       49%        3d11      1%          4
i - Fulminant Prism       Conj/Hex       21%        3d13      3%          4

Your spell library contained the following spells:

 Spells                   Type           Power      Damage    Failure   Level
 Animate Skeleton         Necr           100%       N/A       1%          1
 Corona                   Hex            57%        N/A       1%          1
 Freeze                   Ice            100%       1d11      1%          1
 Magic Dart               Conj           100%       1d8       1%          1
 Pain                     Necr           100%       1d9       1%          1
 Corpse Rot               Necr/Air       N/A        N/A       1%          2
 Searing Ray              Conj           66%        3d5       1%          2
 Slow                     Hex            52%        N/A       1%          2
 Dazzling Flash           Conj/Hex       86%        N/A       1%          3
 Dispel Undead            Necr           58%        3d21      1%          4
 Agony                    Necr           58%        N/A       1%          5
 Apportation              Tloc           48%        N/A       2%          1
 Foxfire                  Conj/Fire      88%        2x1d8     2%          1
 Inner Flame              Hex/Fire       32%        N/A       3%          3
 Ice Form                 Ice/Tmut       38%        N/A       6%          4
 Summon Small Mammal      Summ           44%        N/A       8%          1
 Simulacrum               Ice/Necr       29%        N/A       8%          6
 Conjure Flame            Conj/Fire      22%        6-21      9%          3
 Death Channel            Necr           29%        N/A       10%         6
 Leda's Liquefaction      Hex/Erth       16%        N/A       11%         4
 Call Imp                 Summ           11%        N/A       12%         2
 Mephitic Cloud           Conj/Pois/Air  18%        N/A       12%         3
 Passage of Golubria      Tloc           N/A        N/A       22%         4
 Iskenderun's Battlesphe  Conj           33%        2d9       26%         5
 Silence                  Hex/Air        16%        N/A       28%         5
 Manifold Assault         Tloc           24%        N/A       52%         5
 Animate Armour           Summ/Erth      22%        N/A       58%         4
 Bolt of Magma            Conj/Fire/Erth 9%         4d7       71%         5
 Blade Hands              Tmut           5%         N/A       91%         5
 Iron Shot                Conj/Erth      11%        9d3       99%         6
 Statue Form              Tmut/Erth      7%         N/A       100%        6
 Spellforged Servitor     Conj/Summ      11%        N/A       100%        7
 Storm Form               Tmut/Air       5%         N/A       100%        7
 Lehudib's Crystal Spear  Conj/Erth      11%        10d4      100%        8


Dungeon Overview and Level Annotations

Branches:
Dungeon (15/15)            Temple (1/1) D:6            Lair (6/6) D:9
  Swamp (4/4) Lair:3        Snake (4/4) Lair:4        Slime (0/5) Lair:5
    Orc (2/2) D:11            Elf (1/3) Orc:2        Vaults (2/5) D:13
 Depths (1/5) D:15          IceCv (visited)         Gauntlet (visited)
  Crypt: Vaults:2-3

Altars:
Ashenzari
Cheibriados
Dithmenos
Elyvilon
Fedhas
Gozag
Hepliaklqana
Kikubaaqudgha
Makhleb
Nemelex Xobeh
Okawaru
Qazlal
Ru
Sif Muna
Trog
Uskayaw
Vehumet
Wu Jian
Xom
Yredelemnul
Zin
The Shining One
Beogh
Jiyva
Lugonu

Shops:
D:2 *   D:14 *   Orc:2 ?(=?   Snake:1 *   Snake:2 ![=   Snake:4 [(   Depths:1 *

Portals:
Abyss: Snake:4 Depths:1
Pandemonium: Depths:1

Annotations:
Lair:2 3 runed translucent doors, Wuvuatt's ghost, journeyman MiBe
Lair:5 exclusion: door
Swamp:2 exclusions: spriggan air mage and tyrant leech
Swamp:3 Louise
Swamp:4 exclusion: ghoul
Snake:3 Donald
Snake:4 1 exclusion
Orc:2 exclusion: door
Elf:1 exclusion: 3 doors


Innate Abilities, Weirdness & Mutations

Your natural rate of healing is accelerated.
You have razor-sharp teeth.
You have supernaturally acute eyesight. (SInv)
You are afflicted with vampirism and can become a bat while bloodless.


Message History

Aim: an ironbound thunderhulk, wielding a +0 dire flail and wearing a +0 scale mail (heavily wounded, sheltered from injuries, umbra)
You draw life force from the ironbound thunderhulk!
You feel life coursing into your body.
Your shadow mimicks your spell!
Your shadow draws life force from the ironbound thunderhulk!
Your shadow is healed by the life force!
The wall freezes the boggart.
The wall freezes the ironbound thunderhulk.
The ironbound thunderhulk hits you with a +0 dire flail!
* * * LOW HITPOINT WARNING * * *
You block the ironbound thunderhulk's attack.
The freezing wraith completely resists.
The wall freezes the freezing wraith but does no damage.
You block the freezing wraith's attack. x2
The wall freezes the ironbound preserver.
The ironbound preserver hits you but does no damage.
A boggart comes into view.
The wall freezes the yaktaur!
The wall freezes the deep troll.
The wall freezes the vault guard!
You block the vault guard's attack.
The wall freezes the deep troll!
The deep troll misses you.
You riposte.
You hit the deep troll but do no damage.
The deep troll is heavily wounded.
The deep troll barely misses you.
The deep troll claws you but does no damage.
The wall freezes the ironbound preserver!
Casting: Vampiric Draining (safe; 1% risk of failure)
Confirm with . or Enter, or press ? or * to list all spells.
Aiming: Vampiric Draining (safe; 1% risk of failure)
Press: ? - help, Shift-Dir - straight line, f/p - ironbound thunderhulk
Aim: an ironbound thunderhulk, wielding a +0 dire flail and wearing a +0 scale mail (heavily wounded, sheltered from injuries, umbra)
You draw life force from the ironbound thunderhulk!
You feel life coursing into your body.
The wall freezes the boggart!
You kill the boggart!
Dithmenos accepts your kill.
The ironbound preserver dissolves into shadows!
The deep troll dissolves into shadows! x2
The wall freezes the ironbound thunderhulk.
You block the ironbound thunderhulk's attack.
The ironbound thunderhulk hits you with a +0 dire flail.
You die...

#§§§§p..§§.§#
#........
#§.§#...#.p.#
#.#.#.#.#
##.###.###§##
#........
#.T.#...#§T§#
#.#.#.#.#
#...#...#p§§#
#.)....).
#.T.#...#§§.#
#########
##.###p###.##
#.pp#cTO#...#


#.TpppO@WTTT# #..p#.pp#pT.p.g. #############... ...# ..# # You could see 3
ironbound preservers, a vault warden (sheltered), 2 ironbound thunderhulks, 2
vault guards, 6 deep trolls, 2 vault sentinels, 2 ironbound convokers, a yaktaur
(sheltered), a freezing wraith (sheltered), a wizard (sheltered) and a boggart.

Vanquished Creatures
  Jorgrun (Swamp:2)
  Gastronok (Lair:2)
  2 thorn hunters
  Agnes (D:14)
  2 nagarajas
  Aizul (Snake:2)
  An orc warlord (Orc:2)
  3 ghouls
  4 ironbound preservers
  2 stone giants
  The ghost of Uvinaotu the Blocker, a journeyman MiFi of the Shining One (D:15)
  Azrael (D:15)
  An entropy weaver (Vaults:2)
  A dire elephant (Vaults:1)
  2 bunyips
  Snorg (Lair:3)
  5 eleionomae
  2 yaktaur captains (Vaults:2)
  Josephine (D:10)
  3 fire dragons
  4 ice dragons
  2 shambling mangroves (Swamp:2)
  5 boulder beetles
  An ironbound thunderhulk (Vaults:2)
  8 hydras
  11 naga warriors
  An ironbound frostheart (Vaults:1)
  A catoblepas (D:15)
  2 ghost crabs
  5 anacondas
  5 centaur warriors
  3 dancing weapons (Elf:1)
  3 alligators
  A deep troll earth mage (D:15)
  The ghost of MisterT the Cleaver, a novice HOFi of Beogh (D:9)
  10 death yaks
  2 shock serpents (Snake:4)
  An ironbound beastmaster (Vaults:1)
  9 two-headed ogres
  6 tengu warriors
  6 naga sharpshooters
  A deep elf knight (Elf:1)
  5 orc high priests (Orc:2)
  A fire crab (Lair:6)
  2 salamander mystics (Snake:2)
  A goliath frog (Swamp:1)
  An iron troll (D:15)
  A fire crab (shapeshifter) (D:15)
  4 naga ritualists
  5 deep trolls
  2 spriggan druids
  A deep elf archer (Elf:1)
  4 orc knights
  2 swamp dragons (Lair:3)
  2 bog bodies (Swamp:2)
  2 wizards
  7 deep elf pyromancers (Elf:1)
  2 deep elf zephyrmancers (Elf:1)
  4 orc sorcerers
  3 ironbound convokers (Vaults:1)
  17 mana vipers
  5 manticores
  17 ugly things
  5 will-o-the-wisps
  6 cyclopes
  12 salamanders
  27 black mambas
  3 guardian serpents
  7 naga magi
  4 molten gargoyles
  A vault sentinel (Vaults:1)
  13 elephants
  A gargoyle (D:13)
  2 unseen horrors
  2 rime drakes
  12 cane toads
  An efreet (D:14)
  A kobold demonologist (D:12)
  6 komodo dragons
  A yaktaur (Vaults:1)
  A tengu conjurer (D:15)
  5 freezing wraiths
  2 bloated husks (Swamp:1)
  5 trolls
  7 polar bears
  11 hornets
  3 tyrant leeches
  17 blink frogs
  10 slime creatures
  10 spriggans
  3 shadows
  8 wraiths
  Sigmund (D:2)
  2 vampires
  7 wyverns
  48 yaks
  6 basilisks
  14 vampire mosquitoes
  5 fire elementals
  Eustachio (D:5)
  A steam dragon (Lair:6)
  Menkaure (D:7)
  4 wargs
  3 swamp worm simulacra (Swamp:4)
  25 nagas
  12 swamp worms
  9 hell hounds
  10 water moccasins
  An acid dragon (D:12)
  13 hydra simulacra (Swamp:4)
  42 orc warriors
  A black bear (Lair:2)
  A black bear (shapeshifter) (D:15)
  Purgy (D:3)
  2 sky beasts
  A boggart (Vaults:2)
  2 ice beasts
  12 ogres
  10 centaurs
  A phantom (D:5)
  2 kobold brigands
  7 bullfrogs
  3 earth elementals (Elf:1)
  Blork the orc (D:4)
  A wyvern zombie (D:7)
  A scorpion (D:6)
  A water moccasin skeleton (D:5)
  5 killer bees (D:10)
  8 wights
  9 howler monkeys
  An electric eel (Lair:5)
  5 centaur zombies
  10 lava snakes
  A gnoll shaman (D:9)
  A hound (D:5)
  3 jellies
  3 centaur skeletons
  37 orc priests
  Natasha (thrice) (D:3)
  4 iguanas
  17 orc wizards
  A scorpion zombie (D:5)
  3 hell rats
  A killer bee zombie (D:7)
  Robin (D:3)
  6 gnolls
  9 adders
  A river rat (D:9)
  An acid dragon simulacrum (IceCv)
  3 white imps
  5 swamp drake simulacra (Swamp:4)
  4 ufetubi
  An adder zombie (D:5)
  A worm (D:2)
  2 dart slugs
  111 orcs
  An endoplasm (D:2)
  4 giant cockroaches
  11 goblins
  15 hobgoblins
  23 kobolds
  8 quokkas
  8 ball pythons
  9 bats
  5 frilled lizards
  5 rats
  A lurking horror (Snake:4)
997 creatures vanquished.

Vanquished Creatures (collateral kills)
  A dancing weapon (Elf:1)
  A deep elf zephyrmancer (Elf:1)
2 creatures vanquished.

Vanquished Creatures (others)
  An azure jelly (Swamp:4)
  A hydra (Swamp:4)
  A goliath frog (Swamp:1)
  A freezing wraith (Swamp:3)
  6 bloated husks
  3 vampire mosquitoes (Swamp:1)
  A swamp worm (Swamp:4)
  20 foxfires
  35 fungi
  44 plants
113 creatures vanquished.

Grand Total: 1112 creatures vanquished

Notes
Turn   | Place    | Note
-------+----------+-------------------------------------------
     0 | D:1      | 4FPSwarrior the Vampire Ice Elementalist began the quest
                  | for the Orb.
     0 | D:1      | Reached XP level 1. HP: 13/13 MP: 3/3
   380 | D:1      | Reached XP level 2. HP: 20/20 MP: 3/5
  1235 | D:2      | Reached skill level 1 in Fighting
  1247 | D:2      | Gained mutation: You are afflicted with vampirism and can
                  | become a bat while bloodless. [Vampire growth]
  1247 | D:2      | Reached XP level 3. HP: 23/26 MP: 2/6
  1378 | D:2      | You fall into a shaft and drop 1 floor!
  1409 | D:3      | Learned a level 3 spell: Frozen Ramparts
  1519 | D:2      | Reached skill level 1 in Shields
  1667 | D:2      | Reached XP level 4. HP: 32/32 MP: 3/7
  1794 | D:2      | Found Wawnager's General Store.
  1801 | D:2      | Bought a scroll of magic mapping for 35 gold pieces
  1878 | D:2      | Noticed Sigmund
  1958 | D:3      | Learned a level 3 spell: Ozocubu's Armour
  1972 | D:3      | Noticed Purgy
  2521 | D:4      | Reached skill level 5 in Ice Magic
  2550 | D:4      | Noticed Blork the orc
  2638 | D:3      | Noticed Natasha
  2647 | D:3      | Killed Natasha
  2648 | D:3      | Reached XP level 5. HP: 38/38 MP: 1/9
  2814 | D:3      | Noticed Natasha
  2822 | D:3      | Killed Natasha
  2845 | D:3      | Noticed Natasha
  2850 | D:3      | Killed Natasha
  2921 | D:3      | Noticed Robin
  2933 | D:3      | Killed Robin
  3265 | D:4      | Found a bloodstained altar of Trog.
  3268 | D:4      | Found a shimmering altar of Xom.
  3301 | D:4      | Noticed a centaur
  3587 | D:5      | Entered Level 5 of the Dungeon
  3648 | D:5      | Reached XP level 6. HP: 44/44 MP: 6/10
  3753 | D:5      | Found an iron altar of Okawaru.
  3952 | D:5      | Noticed an ice beast
  4053 | D:5      | Noticed a sky beast
  4054 | D:5      | Found a shadowy altar of Dithmenos.
  4068 | D:5      | Killed a sky beast
  4207 | D:5      | Reached XP level 7. HP: 51/51 MP: 8/12
  4402 | D:5      | Became a worshipper of Dithmenos the Shadowed
  4628 | D:6      | Found a staircase to the Ecumenical Temple.
  4655 | Temple   | Entered the Ecumenical Temple
  5049 | D:6      | Learned a level 2 spell: Blink
  5504 | D:6      | Reached skill level 1 in Invocations
  5883 | D:6      | Reached XP level 8. HP: 57/58 MP: 1/14
  5891 | D:6      | Noticed a hornet
  6009 | D:6      | Killed a hornet
  6010 | D:6      | Reached skill level 1 in Translocations
  6867 | D:5      | Noticed Eustachio
  6897 | D:5      | Killed Eustachio
  7201 | D:2      | Killed Sigmund
  7367 | D:4      | Reached * piety under Dithmenos
  7588 | D:7      | Noticed an unseen horror
  7644 | D:7      | Reached XP level 9. HP: 65/65 MP: 9/16
  8073 | D:7      | You fall into a shaft and drop 2 floors!
  8186 | D:8      | Reached skill level 5 in Spellcasting
  8344 | D:7      | Noticed Menkaure
  8513 | D:7      | Killed an unseen horror
  8718 | D:8      | Found a broken altar of Ashenzari.
  8799 | D:8      | Reached skill level 5 in Fighting
  8896 | D:8      | Found a sparkling altar of Nemelex Xobeh.
  9172 | D:8      | Found a hazy altar of Hepliaklqana.
  9453 | D:8      | Reached ** piety under Dithmenos
  9833 | D:9      | Found a stormy altar of Qazlal.
  9863 | D:9      | Noticed a death yak
  9993 | D:9      | Found a runed translucent gate.
  9994 | D:9      | Found a runed translucent gate.
  9995 | D:9      | Noticed MisterT's ghost (novice HOFi)
  9995 | D:9      | Found a runed translucent gate.
 10208 | D:9      | Reached XP level 10. HP: 56/74 MP: 4/18
 10209 | D:9      | Reached skill level 4 in Stealth
 10434 | D:10     | Entered Level 10 of the Dungeon
 10756 | D:10     | Noticed Josephine
 11046 | D:10     | Reached skill level 5 in Stealth
 11109 | D:10     | Identified the ring "Jonask" {rElec rC- Will+ Str+7 Dex+6}
 11207 | D:10     | Noticed a manticore
 11215 | D:10     | Killed a manticore
 11738 | D:10     | Reached *** piety under Dithmenos
 12075 | D:9      | Found a staircase to the Lair.
 12076 | D:9      | Noticed a death yak
 12099 | D:9      | Killed a death yak
 12100 | D:9      | Reached skill level 6 in Stealth
 12100 | D:9      | Reached skill level 5 in Invocations
 12196 | D:9      | Noticed a death yak
 12335 | D:9      | Killed a death yak
 12336 | D:9      | Reached skill level 10 in Ice Magic
 12669 | Lair:1   | Entered Level 1 of the Lair of Beasts
 12737 | Lair:1   | Noticed a cane toad
 12745 | Lair:1   | Killed a cane toad
 13453 | Lair:1   | Reached XP level 11. HP: 74/84 MP: 11/20
 13524 | Lair:1   | Reached skill level 7 in Stealth
 13798 | Lair:2   | Noticed an eight-headed hydra
 13821 | Lair:2   | Found a runed translucent gate.
 13821 | Lair:2   | Found a runed translucent gate.
 13864 | Lair:2   | Found a runed translucent gate.
 13864 | Lair:2   | Noticed Wuvuatt's ghost (journeyman MiBe)
 13938 | Lair:2   | Paralysed by a hornet for 3 turns
 14666 | Lair:2   | You fall into a shaft and drop 2 floors!
 14816 | Lair:3   | Reached skill level 8 in Stealth
 14939 | Lair:3   | Noticed a death yak
 14943 | Lair:3   | Found a staircase to the Swamp.
 15480 | Lair:2   | Noticed Gastronok
 16330 | Lair:2   | Reached skill level 5 in Dodging
 16581 | Lair:3   | Reached skill level 9 in Stealth
 16866 | Lair:3   | Reached XP level 12. HP: 94/94 MP: 8/23
 16870 | Lair:3   | Noticed Snorg
 17132 | Lair:4   | Reached skill level 1 in Long Blades
 17294 | Lair:4   | Learned a level 5 spell: Excruciating Wounds
 17379 | Lair:4   | Reached **** piety under Dithmenos
 17706 | Lair:4   | Reached skill level 1 in Necromancy
 19020 | Lair:4   | Found a staircase to the Snake Pit.
 19599 | Lair:5   | Reached skill level 10 in Stealth
 19779 | Lair:5   | Learned a level 3 spell: Portal Projectile
 19894 | Lair:5   | Noticed a death yak
 19906 | Lair:5   | Killed a death yak
 20115 | Lair:5   | Reached skill level 1 in Hexes
 20345 | Lair:5   | Reached skill level 5 in Shields
 20565 | Lair:5   | Noticed a catoblepas
 20744 | Lair:5   | Reached XP level 13. HP: 79/103 MP: 13/25
 21177 | Lair:6   | Entered Level 6 of the Lair of Beasts
 22249 | D:3      | Killed Purgy
 22311 | D:2      | Bought a scroll of enchant armour for 75 gold pieces
 22311 | D:2      | Bought a book of Debilitation for 220 gold pieces
 22315 | D:2      | Learned a level 3 spell: Vampiric Draining
 22448 | D:7      | Killed Menkaure
 22764 | D:11     | Found a staircase to the Orcish Mines.
 22826 | D:11     | Found a frozen archway.
 22835 | IceCv    | Entered an ice cave
 24081 | Orc:1    | Entered Level 1 of the Orcish Mines
 24167 | Orc:2    | Entered Level 2 of the Orcish Mines
 24335 | Orc:1    | Reached skill level 10 in Fighting
 24457 | Orc:2    | Reached skill level 5 in Necromancy
 25437 | Orc:1    | Noticed an ettin
 25581 | Orc:2    | Found Xepesex's Magic Scroll Boutique.
 25690 | Orc:2    | Bought a scroll of fear for 63 gold pieces
 25690 | Orc:2    | Bought a scroll of blinking for 135 gold pieces
 25690 | Orc:2    | Bought a scroll of identify for 36 gold pieces
 25769 | Orc:2    | Found Bajeinorph's Jewellery Shop.
 25886 | Orc:2    | Bought the ring of Jeddoyf {rElec rC+ Str+3 SInv} for 592
                  | gold pieces
 26470 | Orc:2    | Found a staircase to the Elven Halls.
 26534 | Orc:2    | Reached skill level 11 in Stealth
 27129 | D:12     | Found a gate leading to a gauntlet.
 27135 | Gauntlet | Entered a Gauntlet
 27135 | Gauntlet | Found a transporter.
 27135 | Gauntlet | Found a transporter.
 27140 | Gauntlet | Found a transporter.
 27155 | Gauntlet | Found a transporter.
 27176 | Gauntlet | Found a transporter.
 27185 | Gauntlet | Found a transporter.
 27187 | Gauntlet | Found a large runed translucent door.
 27187 | Gauntlet | Found a large runed translucent door.
 27188 | Gauntlet | Found a large runed translucent door.
 27188 | Gauntlet | Found a large runed translucent door.
 27189 | Gauntlet | Found a large runed translucent door.
 27189 | Gauntlet | Found a large runed translucent door.
 27189 | Gauntlet | Found a runed translucent door.
 27189 | Gauntlet | Found a runed translucent door.
 27189 | Gauntlet | Found a large runed translucent door.
 27190 | Gauntlet | Found a large runed translucent door.
 27197 | Gauntlet | Found a large runed translucent door.
 27197 | Gauntlet | Found a large runed translucent door.
 27198 | Gauntlet | Found a large runed translucent door.
 27198 | Gauntlet | Found a large runed translucent door.
 27199 | Gauntlet | Found a large runed translucent door.
 27199 | Gauntlet | Found a large runed translucent door.
 27264 | Gauntlet | Found a transporter.
 27277 | Gauntlet | Found a transporter.
 27303 | Gauntlet | Found a transporter.
 27306 | Gauntlet | Found a transporter.
 27308 | Gauntlet | Noticed a reaper
 27322 | Gauntlet | Found a transporter.
 27389 | Gauntlet | Found a transporter.
 27405 | Gauntlet | Found a transporter.
 27405 | Gauntlet | Found a large runed translucent door.
 27406 | Gauntlet | Found a large runed translucent door.
 27406 | Gauntlet | Noticed a cacodemon
 27408 | Gauntlet | Found a runed translucent gate.
 27409 | Gauntlet | Found a transporter.
 27409 | Gauntlet | Found a runed translucent gate.
 27410 | Gauntlet | Found a runed translucent gate.
 27411 | Gauntlet | Noticed a green death
 27437 | Gauntlet | Found a transporter.
 27437 | Gauntlet | Found a transporter.
 27499 | D:12     | Reached skill level 5 in Long Blades
 28208 | D:12     | Identified 2 scrolls of acquirement
 28209 | D:12     | Acquired a +2 double sword of electrocution
 28211 | D:12     | Acquired the amulet "Beluno" {Reflect Regen+ SH+5}
 28935 | D:13     | Reached XP level 14. HP: 97/110 MP: 13/26
 29187 | D:13     | Learned a level 4 spell: Hailstorm
 29248 | D:13     | Reached skill level 5 in Hexes
 29538 | D:13     | Found a gate to the Vaults.
 29538 | D:13     | Noticed an ironbound preserver
 29549 | D:13     | Killed an ironbound preserver
 30168 | D:12     | Reached skill level 1 in Conjurations
 30453 | D:9      | Killed MisterT's ghost
 30759 | D:14     | Found Toneojo's Gadget Gallery.
 31251 | Lair:3   | Killed Snorg
 31359 | Lair:3   | Reached skill level 12 in Stealth
 31688 | Lair:5   | Found a viscous altar of Jiyva.
 31688 | Lair:5   | Found a staircase to the Slime Pits.
 33614 | Lair:6   | Found a large runed translucent door.
 33614 | Lair:6   | Found a large runed translucent door.
 33624 | Lair:6   | Reached ***** piety under Dithmenos
 33831 | Lair:6   | Reached XP level 15. HP: 117/119 MP: 21/28
 34562 | D:14     | Noticed Agnes
 34826 | Orc:2    | Noticed an orc warlord
 34843 | Orc:2    | Killed an orc warlord
 34959 | Orc:2    | Found Xedaatoa's Weapon Emporium.
 35847 | Orc:2    | Found Fozarcho's Magic Scroll Shop.
 36051 | Orc:2    | Bought 3 scrolls of magic mapping for 147 gold pieces
 36051 | Orc:2    | Bought a scroll of teleportation for 42 gold pieces
 36051 | Orc:2    | Bought a scroll of teleportation for 42 gold pieces
 36051 | Orc:2    | Bought a scroll of identify for 28 gold pieces
 36051 | Orc:2    | Bought a scroll of teleportation for 42 gold pieces
 36261 | Swamp:1  | Entered Level 1 of the Swamp
 36484 | D:14     | Bought a wand of acid (9) for 390 gold pieces
 36569 | D:15     | Entered Level 15 of the Dungeon
 36613 | D:15     | Found a staircase to the Depths.
 37145 | D:15     | Noticed Azrael
 37159 | D:15     | Killed Azrael
 37616 | D:15     | Found a runed translucent gate.
 37616 | D:15     | Found a runed translucent gate.
 37619 | D:15     | Found a runed translucent gate.
 37622 | D:15     | Noticed Uvinaotu's ghost (journeyman MiFi)
 38014 | D:15     | Killed Uvinaotu's ghost
 38510 | D:15     | Found a staircase to the Depths.
 38850 | D:14     | Killed Agnes
 39436 | Snake:1  | Entered Level 1 of the Snake Pit
 39863 | Lair:3   | Found a staircase to the Swamp.
 40933 | Elf:1    | Entered Level 1 of the Elven Halls
 41672 | Snake:1  | Found Tuyrig's CLEARANCE SALE! EVERYTHING MUST GO!.
 41682 | Snake:1  | Bought a potion of curing for 12 gold pieces
 41682 | Snake:1  | Bought a potion of curing for 12 gold pieces
 41797 | Snake:1  | Learned a level 3 spell: Confusing Touch
 42108 | Snake:1  | Reached skill level 13 in Stealth
 42406 | Snake:1  | Reached XP level 16. HP: 38/101 MP: 1/29
 42920 | D:4      | Killed Blork the orc
 43065 | D:4      | Found a bloodstained altar of Trog.
 43067 | D:4      | Found a shimmering altar of Xom.
 44060 | D:10     | Killed Josephine
 44959 | Snake:1  | Reached skill level 10 in Necromancy
 45536 | Snake:1  | Found Tuyrig's CLEARANCE SALE! EVERYTHING MUST GO!.
 45845 | Snake:2  | Found Toasaly's Distillery.
 45853 | Snake:2  | Bought a potion of haste for 140 gold pieces
 45853 | Snake:2  | Bought a potion of heal wounds for 70 gold pieces
 45948 | Snake:2  | Noticed Aizul
 45965 | Snake:2  | Killed Aizul
 46326 | Snake:2  | Found Beoniock's Jewellery Shoppe.
 46328 | Snake:2  | Found Rautol's Antique Armour Emporium.
 46699 | Snake:2  | Reached skill level 1 in Armour
 47547 | Snake:2  | Found Beoniock's Jewellery Shoppe.
 47547 | Snake:2  | Found Rautol's Antique Armour Emporium.
 50621 | Depths:1 | Entered Level 1 of the Depths
 50798 | Depths:1 | Found a one-way gate to the infinite horrors of the Abyss.
 50913 | Depths:1 | Found a one-way gate leading to the halls of Pandemonium.
 51067 | Depths:1 | Found Nosuficyxt's General Store.
 51368 | Depths:1 | Bought a scroll of teleportation for 66 gold pieces
 52959 | Swamp:1  | Reached XP level 17. HP: 85/134 MP: 4/30
 53336 | Swamp:2  | Learned a level 4 spell: Fulminant Prism
 53686 | Lair:2   | Found a runed translucent gate.
 53686 | Lair:2   | Found a runed translucent gate.
 53686 | Lair:2   | Found a runed translucent gate.
 53935 | Lair:2   | Killed Gastronok
 54969 | Snake:2  | Bought a heavily runed kite shield for 266 gold pieces
 54969 | Snake:2  | Identified the +3 kite shield "Ziakakaedu" {rF- Str+4
                  | Stlth+} (You bought it in a shop on level 2 of the Snake
                  | Pit)
 55835 | Swamp:2  | Reached skill level 10 in Spellcasting
 56228 | Snake:4  | Entered Level 4 of the Snake Pit
 56228 | Snake:4  | Found Ittikleq's Antique Armour Emporium.
 56314 | Snake:4  | Found a corrupted altar of Lugonu.
 56569 | Snake:3  | Reached skill level 10 in Long Blades
 57052 | Snake:4  | Found Vuiploud's Weapon Shop.
 57147 | Snake:4  | Found Nezobar's Antique Armour Shoppe.
 57789 | Snake:4  | Found a corrupted altar of Lugonu.
 57838 | Snake:4  | Found Ittikleq's Antique Armour Emporium.
 57906 | Snake:4  | Found Vuiploud's Weapon Shop.
 58350 | Snake:4  | Reached skill level 14 in Stealth
 58663 | Snake:4  | Noticed Donald
 58925 | Swamp:3  | Noticed Jorgrun
 59443 | Swamp:2  | Killed Jorgrun
 59444 | Swamp:2  | Reached skill level 10 in Dodging
 59737 | Swamp:3  | Noticed Louise
 59840 | Swamp:4  | Entered Level 4 of the Swamp
 60186 | Swamp:4  | Paralysed by a hornet for 1 turns
 61814 | Swamp:4  | Got a decaying rune of Zot
 62135 | Vaults:1 | Entered Level 1 of the Vaults
 62778 | Vaults:1 | Reached skill level 5 in Conjurations
 62778 | Vaults:1 | Reached XP level 18. HP: 67/143 MP: 32/32
 62924 | Vaults:1 | You are sucked into a shaft and drop 1 floor!
 62942 | Vaults:2 | HP: 6/143 [ironbound frostheart/creeping frost (26)]
 63113 | Vaults:2 | HP: 1/103 [ironbound thunderhulk (12)]
 63114 | Vaults:2 | Slain by an ironbound thunderhulk

Illustrated notes

Levels and vault maps discovered:
D:1:      dpeg_arrival_round_b, layout_loops_ring, grunt_decor_mini_mirrors,
          minmay_statues_item, serial_bayou_pond_d
D:2:      layout_basic, serial_shops, shop, minmay_pentomino_p4, uniq_sigmund
D:3:      layout_basic, uniq_natasha, uniq_purgy, uniq_robin
D:4:      layout_basic, old_standard_altar, grunt_temple_overflow_open,
          hangedman_decor_push, minmay_misc_feat_chi, hex_tiny,
          uniq_blork_the_orc, uniq_crazy_yiuf_cottage
D:5:      layout_loops_ring, lemuel_crystal_altar, okawaru_ov_weapons_minmay,
          minmay_chambers_of_fives, uniq_eustachio
D:6:      layout_cave_pods, minmay_temple_entry_waves
D:7:      layout_cave_pools, uniq_menkaure
D:8:      layout_rooms, nicolae_overflow_hidden_temple,
          nzn_hepliaklqana_mist_gate
D:9:      layout_gridville, kennysheep_mini_moat, dpeg_lair_monsters,
          biasface_ghost_orc_armoury
D:10:     layout_cave_pods, special_room [special_room_orc],
          minmay_tree_intersection, uniq_josephine
D:11:     layout_irregular_city, david_orc_3, portal_ice_cave_entry_pillars_1,
          kennysheep_small_circle
D:12:     layout_roguey, gauntlet_entry_generic, minivault_24, drop_trap,
          amethyst_killhole, columned_hall_lemuel
D:13:     layout_cave_pools, skrybe_vaults_entry_preservation,
          minmay_misc_feat_ornament, minmay_misc_feat_iff
D:14:     layout_basic, nicolae_elyvilon_peaceful_grove, nicolae_shop_gadgets,
          uniq_agnes
D:15:     grunt_enter_depths_snipers, layout_basic, serial_park_tiny_1,
          gammafunk_ghost_spectres, uniq_azrael
Temple:   grunt_temple_mini_profane
Lair:1:   layout_chaotic_city, minivault_25, serial_bayou_shore_b,
          lemuel_fruit_fields, lemuel_fruit_tree
Lair:2:   nzn_winding_woodlands_medium [nzn_winding_woodlands_5x5_perimeter,
          nzn_winding_woodlands_5x15_twine,
          nzn_winding_woodlands_5x5_closed_star,
          nzn_winding_woodlands_5x5_cross,
          nzn_winding_woodlands_center_diamonds,
          nzn_winding_woodlands_5x5_open_star, nzn_winding_woodlands_hourglass,
          nzn_winding_woodlands_5x15_crooked,
          nzn_winding_woodlands_5x5_default], layout_cave_pods,
          gammafunk_ghost_split, uniq_gastronok
Lair:3:   layout_regular_city, swamp_mist, uniq_snorg
Lair:4:   layout_cave_pods, minmay_snake_entry_guardpost_small,
          beast_lair_carwin_3
Lair:5:   cheibrodos_magma_flow, layout_gridlike,
          dpeg_slime_entry_enclosed_altar, minmay_shattered_shrine
Lair:6:   cheibrodos_lair_end_hotspot, layout_regular_city, serial_bayou_shore_b
Swamp:1:  nicolae_swamp_tree_isthmus, layout_falls_marsh,
          evilmike_swamp_ruin_house_2
Swamp:2:  nicolae_swamp_wrong_neighborhood, layout_falls_marsh,
          nicolae_swamp_bean_lake, swamp_pool1, nicolae_swamp_treefoil,
          hangedman_swamp_cone, nicolae_swamp_big_swirl
Swamp:3:  layout_falls_marsh, evilmike_swamp_ruin_rubble_1, uniq_mara,
          uniq_louise, uniq_nikola, uniq_jorgrun
Swamp:4:  swamp_icy, layout_basic_swamp
Snake:1:  layout_rooms, nicolae_shop_clearance
Snake:2:  layout_concentric_octagons, serial_shops, nicolae_lakefront_shop,
          minmay_shoptagon, uniq_aizul
Snake:3:  layout_cave_pods
Snake:4:  snake_pit, layout_onion_interference, serial_shops, shop, shop, shop,
          amcnicky_altar_lugonu_corruption, uniq_donald
Orc:1:    layout_caves, ebering_ghost_xom
Orc:2:    pubby_orc_utopia
Elf:1:    nicolae_elf_arrival_fired_up, layout_geoelf_octagon,
          hangedman_elven_crosses_minicolossus, minivault_23
Vaults:1: nicolae_vaults_statue_guard, nicolae_vaults_twisting_passages,
          v_alt_pattern_2, nicolae_vaults_circle_grid_a,
          ontoclasm_vaults_ring_large, v_rooms_6, vaults_room_pool,
          ontoclasm_vaults_loading_screen, vaults_room_pools,
          nicolae_vaults_little_squares_4, nicolae_vaults_shelves_hall,
          dpeg_vaults_monster_box, layout_vaults_omnicross
Vaults:2: ebering_vaults_ghost_disaster_area, v_misc_14,
          nicolae_vaults_minivaults, vaults_room_door_hall,
          nicolae_vaults_network_quincunx
          [nicolae_vaults_network_quincunx_subvault,
          nicolae_vaults_network_quincunx_subvault,
          nicolae_vaults_network_quincunx_subvault,
          nicolae_vaults_network_quincunx_subvault,
          nicolae_vaults_network_quincunx_subvault], ontoclasm_vaults_bender,
          vaults_mumra_lcd, minmay_crypt_entry_nasty_monster, v_misc_24,
          v_misc_3, v_misc_24, vaults_dpeg_ring, nicolae_vaults_three_branches,
          vaults_room_door_ring, v_misc_30, vaults_mumra_hexcomb,
          v_alt_pattern_1, layout_vaults_maze_snakey
Depths:1: layout_roguey, enter_ziggurat_b, serial_shops, nicolae_shop_crystal,
          abyss_entry, rand_demon_pan_entry_9, grunt_hell_horde, library_closet,
          xom_redecorated, infiniplex_staircase_pool_lava

Skill      XL: |  1  2  3  4  5  6  7  8  9 10 11 12 13 14 15 16 17 18 |
---------------+-------------------------------------------------------+-----
Fighting       | 1 2 3 4 5 7 8 9 10 11 12 13 | 13.2
Shields        | 1 2 3 4 5 6 7 8 |  8.2
Ice Magic      | 5 6 7 8 9 10 11 12 | 12.6
Spellcasting   | 3 4 5 6 7 8 9 10 | 10.0
Invocations    | 1 2 4 5 6 7 8 9 |  9.0
Translocations | 2 3 |  3.0
Stealth        | 6 9 10 11 12 13 14 | 14.6
Dodging        | 3 5 6 7 8 9 10 | 10.5
Long Blades    | 3 5 7 8 9 10 11 | 11.0
Necromancy     | 4 6 8 9 10 11 | 11.7
Hexes          | 1 4 6 7 8 9 |  9.7
Conjurations   | 1 3 4 5 |  5.0
Armour         | 2 3 |  3.0

Action                   |  1- 3 |  4- 6 |  7- 9 | 10-12 | 13-15 | 16-18 || total
-------------------------+-------+-------+-------+-------+-------+-------++-------
Melee: Dagger            |    26 |    41 |       |     3 |    24 |     5 ||    99
       Bite              |     4 |     7 |    31 |    22 |   134 |   181 ||   379
       Long sword        |       |     3 |   179 |   157 |   426 |   148 ||   913
       Scimitar          |       |       |    31 |       |   380 |   360 ||   771
       Short sword       |       |       |       |       |    88 |   293 ||   381
       Double sword      |       |       |       |       |       |   391 ||   391
 Cast: Freeze            |    60 |    79 |    56 |   249 |   131 |       ||   575
       Frozen Ramparts   |       |     8 |    47 |    81 |   127 |    83 ||   346
       Ozocubu's Armour  |       |     2 |    32 |    70 |   108 |    68 ||   280
       Vampiric Draining |       |       |       |       |    93 |   178 ||   271
       Confusing Touch   |       |       |       |       |     3 |    25 ||    28
       Excruciating Woun |       |       |       |       |     3 |       ||     3
       Blink             |       |       |       |       |       |     1 ||     1
Invok: Shadow Step       |       |       |       |     1 |    10 |     9 ||    20
       Shadow Form       |       |       |       |       |     1 |     2 ||     3
 Abil: Exsanguinate      |       |       |       |       |     1 |       ||     1
       End Transformatio |       |       |       |       |       |     2 ||     2
       Bat Form          |       |       |       |       |       |     1 ||     1
       Revivify          |       |       |       |       |       |     1 ||     1
Evoke: Wand              |       |       |     3 |    12 |    24 |    24 ||    63
  Use: Scroll            |       |     3 |     9 |     5 |    25 |    22 ||    64
       Potion            |       |       |     1 |     3 |     5 |     8 ||    17
 Stab: Sleeping          |     2 |     2 |     2 |    18 |    47 |    45 ||   116
       Paralysed         |       |       |     2 |     5 |       |     1 ||     8
       Distracted        |       |       |       |       |     7 |     5 ||    12
       Confused          |       |       |       |       |     1 |    24 ||    25
       Invisible         |       |       |       |       |     1 |     1 ||     2
Armor: Robe              |    19 |     4 |       |       |       |       ||    23
       Animal skin       |       |    19 |    90 |       |       |       ||   109
       Ring mail         |       |       |    38 |   160 |   179 |       ||   377
       Troll leather arm |       |       |       |       |   135 |    47 ||   182
       Fire dragon scale |       |       |       |       |    66 |   331 ||   397
       Ice dragon scales |       |       |       |       |       |   146 ||   146
       Plate armour      |       |       |       |       |       |    13 ||    13
Dodge: Dodged            |    34 |    60 |   227 |   257 |   715 |   617 ||  1910
Block: Buckler           |     9 |    22 |   103 |   148 |   628 |   700 ||  1610
       Reflection        |       |       |       |       |    17 |    52 ||    69
       Kite shield       |       |       |       |       |       |   236 ||   236
       Rpst.: Long sword |       |       |    40 |    53 |   115 |     5 ||   213
       Scimitar          |       |       |     6 |       |    48 |    32 ||    86
       Double sword      |       |       |       |       |       |    46 ||    46
